 Dungeon Crawl Stone Soup version 0.27-a0-448-gace5c5693b (webtiles) character file.

Game seed: 14818710987016825231

118 HoaS the Insei (level 4, 0/37 HPs)
             Began as a Demigod Gladiator on Feb 27, 2021.
             Blown up by Ijyb (32 damage)
             ... with a mindburst bolt
             ... on level 3 of the Dungeon.
             The game lasted 00:04:47 (2804 turns).

HoaS the Insei (Demigod Gladiator)                  Turns: 2804, Time: 00:04:48

Health: 0/37       AC:  7    Str: 21    XL:     4   Next: 45%
Magic:  6/6        EV: 12    Int: 10    God:
Gold:   137        SH:  0    Dex: 19    Spells: 3/3 levels left

rFire    . . .     SeeInvis .     - Unarmed
rCold    . . .     Faith    .   (no shield)
rNeg     . . .     Spirit   .   d - +0 scale mail
rPois    .         Reflect  .   b - +0 helmet
rElec    .         Harm     .   (no cloak)
rCorr    .         Rampage  .   (no gloves)
Will     .....                  (no boots)
Stlth    ..........             (no amulet)
HPRegen  0.12/turn              f - +6 ring of strength
MPRegen  0.10/turn              (no ring)

@: no status effects
A: high mp 1
a: no special abilities


You were on level 3 of the Dungeon.
You visited 1 branch of the dungeon, and saw 3 of its levels.

You collected 137 gold pieces.

Inventory:

Missiles
 c - 3 throwing nets (quivered)
Armour
 b - a +0 helmet (worn)
 d - a +0 scale mail (worn)
Jewellery
 f - a +6 ring of strength (left hand)
Scrolls
 a - a scroll of identify
 i - 2 scrolls of teleportation {unknown}
Potions
 e - 3 potions of curing
 g - a potion of haste
 h - 3 potions of heal wounds
 j - 2 potions of cancellation
 k - a potion of berserk rage {unknown}


   Skills:
 + Level 2.7 Fighting
 - Level 1.7 Throwing
 + Level 3.3 Dodging
 * Level 4.0 Unarmed Combat


You had 3 spell levels left.
You didn't know any spells.
Your spell library was empty.

Dungeon Overview and Level Annotations

Branches:
Dungeon (3/15)

Annotations:
D:3 Ijyb


Innate Abilities, Weirdness & Mutations

You have an increased reservoir of magic. (+10% MP)


Message History

The adder barely misses you.
You closely miss the adder. Your punch misses the adder.
The adder is heavily wounded.
The adder bites you but does no damage.
You barely miss the adder.
The adder is heavily wounded.
The adder barely misses you. x2
You miss the adder.
The adder is heavily wounded.
The adder barely misses you.
You hit the adder.
The adder is almost dead.
The adder bites you but does no damage.
You hit the adder.
You kill the adder!
A kobold comes into view. It is wielding a +0 club.
A kobold is nearby!
The kobold shouts!
The kobold misses you.
You hit the kobold.
The kobold is moderately wounded.
The kobold misses you.
You punch the kobold!
You kill the kobold!
No target in view!
h - 3 potions of heal wounds (gained 1)
i - 2 scrolls labelled ZETOUGIOSM (gained 1)
You see here a +0 club.
Ijyb the Twisted Goblin comes into view.
She is wielding a +0 club and carrying a wand of mindburst (14).
Ijyb shouts!
Ijyb barely misses you.
You hit Ijyb.
Ijyb is lightly wounded.
A rat comes into view.
Ijyb zaps a wand.
Your mind is blasted!
You hit Ijyb but do no damage.
Ijyb is lightly wounded.
Ijyb zaps a wand.
Your mind is blasted!
Ouch! That really hurt!
You die...

###.#.#.# #.#
#...#...# #.#
#.#####.# #.#
#...#.).#
###.#.#.#
#...#.# #.
###.#.# ..
#.#.######.#
#
#.#..@g....#
#.#..#.......
#.#..#.######
#.## #.#..#r#
#... #.#.....
#### #.......
##......
#.##.#.


You could see Ijyb and a rat.

Vanquished Creatures
  A worker ant (D:3)
  5 adders
  A dart slug (D:2)
  4 giant cockroaches (D:1)
  6 goblins
  7 hobgoblins
  A ball python (D:3)
  6 bats
  A frilled lizard (D:1)
  8 kobolds
  4 rats
44 creatures vanquished.

Notes
Turn   | Place    | Note
-------+----------+-------------------------------------------
     0 | D:1      | HoaS the Demigod Gladiator began the quest for the Orb.
     0 | D:1      | Reached XP level 1. HP: 17/17 MP: 3/3
   413 | D:1      | Reached skill level 3 in Unarmed Combat
   482 | D:1      | Reached XP level 2. HP: 14/24 MP: 4/4
  1454 | D:2      | Reached XP level 3. HP: 19/29 MP: 5/5
  2189 | D:2      | Found an ornate altar of the Wu Jian Council.
  2189 | D:2      | Found a burning altar of Makhleb.
  2397 | D:3      | Reached XP level 4. HP: 28/37 MP: 6/6
  2687 | D:3      | Reached skill level 4 in Unarmed Combat
  2800 | D:3      | Noticed Ijyb
  2804 | D:3      | Blown up by Ijyb

Illustrated notes

Levels and vault maps discovered:
D:1:      dpeg_arrival_renting, layout_basic, minmay_tetromino_s2
D:2:      layout_loops_cross, grunt_temple_overflow_open,
          chequers_serial_rivers_large_b
D:3:      layout_loops_ring, uniq_ijyb

Skill      XL: |  1  2  3  4 |
---------------+-------------+-----
Unarmed Combat | 3 4 |  4.0
Fighting       | 2 |  2.7
Dodging        | 3 |  3.3
Throwing       | |  1.7

Action                   |  1- 3 |  4- 6 || total
-------------------------+-------+-------++-------
Melee: Unarmed           |   172 |    26 ||   198
       Punch             |     5 |     2 ||     7
  Use: Scroll            |     9 |     1 ||    10
Armor: Scale mail        |    74 |     7 ||    81
       Leather armour    |     5 |       ||     5
Dodge: Dodged            |    81 |    14 ||    95

Table legend: (Time is in decaauts)
 A = Elapsed time spent in this place.
 B = Non-inter-level travel time spent in this place.
 C = Inter-level travel time spent in this place.
 D = Time resting spent in this place.
 E = Time spent auto-exploring this place.
 F = Levels seen in this place.
 G = Mean time per level.
                   A        B        C        D        E       F      G
               +--------+--------+--------+--------+--------+-----+--------+
         Total |   2819 |   2773 |     46 |    498 |   1883 |   3 |  939.7 |
       Dungeon |   2819 |   2773 |     46 |    498 |   1883 |   3 |  939.7 |
               +--------+--------+--------+--------+--------+-----+--------+

Top non-repeatable levels by time:
     D:1: 1374 daAuts
     D:2: 1024 daAuts
     D:3: 419 daAuts
